 Dungeon Crawl Stone Soup version 0.16.1-18-g436b03c (webtiles) character file.

1247 drasked the Cleaver (level 8, -1/48 HPs)
             Began as a Gargoyle Berserker on May 3, 2015.
             Was an Elder of Trog.
             Killed by divine providence
             ... invoked by an orc priest
              (9 damage)
             ... on level 6 of the Dungeon.
             The game lasted 00:05:05 (5780 turns).

drasked the Cleaver (Gargoyle Berserker)            Turns: 5780, Time: 00:05:06

Health: -1/48      AC: 15    Str: 22    XL:     8   Next: 50%
Magic:  8/8        EV:  9    Int:  9    God:    Trog [****..]
Gold:   263        SH:  0    Dex:  9    Spells: 0 memorised, 7 levels left

rFire  . . .     SeeInvis .     Y - +2 war axe (chop)
rCold  . . .     Clarity  .     l - +0 chain mail
rNeg   + . .     SustAb   .     (no shield)
rPois  ∞         Gourm    .     (no helmet)
rElec  +         Spirit   .     (no cloak)
rCorr  .         Warding  .     b - +0 pair of gloves
rMut   .         Stasis   .     (no boots)
MR     .....                    (no amulet)
Stlth  ..........               (no ring)
                                g - +1 ring of evasion

@: exhausted, slowed, very slow, not resistant to hostile enchantments,
extremely unstealthy
A: negative energy resistance 1, electricity resistance, unbreathing,
petrification resistance, rot immunity, AC +5
a: Burn Spellbooks, Berserk, Trog's Hand, Brothers in Arms, Renounce Religion


You were on level 6 of the Dungeon.
You worshipped Trog.
Trog was greatly pleased with you.
You were not hungry.

You visited 1 branch of the dungeon, and saw 6 of its levels.

You collected 263 gold pieces.


Innate Abilities, Weirdness & Mutations

You are resistant to torment.
You are immune to poison.
Your stone body is very resilient (AC +5).
You resist negative energy.
You are resistant to electric shocks.
You can survive without breathing.
You are immune to petrification.
You are immune to rotting.


   Skills:
 - Level 4.5 Fighting
 + Level 9.0 Axes
 + Level 3.0 Armour
 - Level 1.5 Dodging


You had 7 spell levels left.
You didn't know any spells.

Inventory:

Hand weapons
 Y - a +2 war axe of chopping (weapon)
Missiles
 j - a tomahawk (quivered)
Armour
 b - a +0 pair of gloves (worn)
 l - a +0 chain mail (worn)
Jewellery
 g - a +1 ring of evasion (left hand)
Scrolls
 a - a scroll of recharging {unknown}
 c - a scroll of identify
 d - a scroll of remove curse
Potions
 h - a potion of mutation {unknown}
 m - 3 potions of curing
 n - a potion of resistance
 p - a potion of degeneration {unknown}
Comestibles
 e - 4 bread rations
 f - 4 meat rations

Dungeon Overview and Level Annotations

Branches:
Dungeon (6/15)             Temple (0/1) D:4

Altars:
Dithmenos
Fedhas
Gozag
Ru
The Shining One

Shops:
D:4 *


Message History

The electric eel shoots out a bolt of lightning at you!
The bolt of electricity hits you! You resist. The bolt of electricity hits you!
You resist.
The bolt of electricity hits the electric eel.
The electric eel resists.
Your unstable footing causes you to fumble your attack.
Your ogre misses the electric eel. You miss the electric eel.
The electric eel is heavily wounded.
Your ogre hits the electric eel with a giant club!!
The electric eel dies!
Trog accepts your kill.
The orc priest looks braver.
Your two-headed ogre rages.
The orc priest invokes the aid of Beogh against you.
Something smites you!
Your two-headed ogre rages.
The orc priest mumbles some strange prayers to Beogh against you.
Something smites you!
You die...

#.# # ## ### ### #
##~##~~# #~~~#~~#
#~~~#~~# #~~~~~~# ~
## #~~~~~~# .~~ ##.
#~~~~~~#o~~~~ ##..
#~~@~O~ooo~~~ ##.#.
#~~~~~~~{~~~~ ##.##P
#~%~#~~~~~O~~##..#.~
#~~~#~~~~~~~##.#~.~~
#~)~##~~~~~##~~~~~~.
##~~# ##~~##~~.#~~~#
#%## #~##¤.###)##
##.#######...)#...#
##....###.........


You could see 2 orc priests, 2 orcs, a friendly two-headed ogre (berserk) and a
friendly ogre (berserk).

Vanquished Creatures
  4 ogres
  2 centaurs
  A scorpion (D:6)
  A crimson imp (D:5)
  2 electric eels (D:6)
  3 orc priests
  An iguana (D:5)
  An orc wizard (D:5)
  3 worker ants (D:4)
  6 gnolls (D:3)
  8 adders
  A shadow imp (D:6)
  A giant mite (D:1)
  2 worms (D:2)
  An adder skeleton (D:5)
  2 giant geckos (D:3)
  3 oozes
  13 orcs
  A bat zombie (D:6)
  13 hobgoblins
  19 jackals
  10 kobolds
  3 quokkas
  13 bats
  5 giant cockroaches
  A giant gecko skeleton (D:6)
  3 giant newts
  13 goblins
  A quokka skeleton (D:4)
  6 rats
143 creatures vanquished.

Vanquished Creatures (collateral kills)
  A goliath beetle (D:6)
  3 electric eels (D:6)
4 creatures vanquished.

Vanquished Creatures (others)
  A kobold (D:6)
1 creature vanquished.

Grand Total: 148 creatures vanquished

Notes
Turn   | Place    | Note
--------------------------------------------------------------
     0 | D:1      | drasked, the Gargoyle Berserker, began the quest for the Orb.
     0 | D:1      | Reached XP level 1. HP: 14/14 MP: 1/1
     0 | D:1      | 0 ||| counter = 28
   271 | D:1      | 271 ||| INVOKING Berserk.
   273 | D:1      | Reached skill level 3 in Axes
   472 | D:1      | Reached XP level 2. HP: 16/19 MP: 2/2
   957 | D:1      | 957 ||| UPGRADING to leather armour.
   967 | D:1      | 967 ||| DROPPING +0 animal skin.
   968 | D:1      | 968 ||| READING scroll labeled PLYPRU KATUDGH.
   969 | D:1      | 969 ||| READING scroll labeled SIRAAP CREMOI.
   970 | D:1      | 970 ||| READING scroll labeled XOTAIR JYXT.
   973 | D:1      | 973 ||| READING 2 scrolls labeled PRYPALE SMINU.
  1009 | D:2      | Acquired Trog's second power
  1009 | D:2      | Reached XP level 3. HP: 23/23 MP: 3/3
  1066 | D:2      | 1066 ||| INVOKING Berserk.
  1076 | D:2      | 1076 ||| EATING 4 fruits.
  1149 | D:2      | 1149 ||| INVOKING Berserk.
  1152 | D:2      | Reached skill level 4 in Axes
  1549 | D:2      | Reached XP level 4. HP: 23/28 MP: 4/4
  2040 | D:2      | 2040 ||| UPGRADING to pair of gloves.
  2045 | D:2      | 2045 ||| READING 3 scrolls of identify.
  2045 | D:2      | 2045 ||| IDENTIFYING fizzy coppery potion
  2046 | D:2      | 2046 ||| READING 2 scrolls of identify.
  2046 | D:2      | 2046 ||| IDENTIFYING viscous coppery potion
  2092 | D:3      | 2092 ||| STAIRDANCE
  2255 | D:3      | 2255 ||| INVOKING Berserk.
  2492 | D:3      | 2492 ||| INVOKING Berserk.
  2493 | D:3      | Reached skill level 5 in Axes
  2495 | D:3      | Reached XP level 5. HP: 32/32 MP: 5/5
  2505 | D:3      | 2505 ||| EATING 3 fruits.
  2651 | D:3      | 2651 ||| UPGRADING to war axe.
  2652 | D:3      | 2652 ||| DROPPING +0 hand axe.
  2815 | D:3      | 2815 ||| INVOKING Berserk.
  3014 | D:3      | Found a sacrificial altar of Ru.
  3102 | D:3      | Acquired Trog's third power
  3160 | D:3      | Reached XP level 6. HP: 34/37 MP: 6/6
  3281 | D:3      | 3281 ||| UPGRADING to scale mail.
  3291 | D:3      | 3291 ||| DROPPING +0 leather armour.
  3292 | D:3      | 3292 ||| UPGRADING to chain mail.
  3302 | D:3      | 3302 ||| DROPPING +0 scale mail.
  3303 | D:3      | 3303 ||| READING scroll labeled YRAMNIACWUO.
  3304 | D:3      | 3304 ||| READING 2 scrolls of identify.
  3304 | D:3      | 3304 ||| IDENTIFYING red potion
  3347 | D:4      | Reached skill level 6 in Axes
  3734 | D:4      | Found an opulent altar of Gozag.
  3734 | D:4      | Found a blossoming altar of Fedhas.
  3735 | D:4      | Found a shadowy altar of Dithmenos.
  3878 | D:4      | Found Ocisanot's Assorted Antiques.
  3984 | D:4      | Found a staircase to the Ecumenical Temple.
  4103 | D:4      | 4103 ||| EATING 2 fruits.
  4107 | D:4      | 4107 ||| READING scroll labeled GUGAPNAOLU.
  4108 | D:4      | 4108 ||| READING scroll labeled SHOSAU KHEUSHE.
  4109 | D:4      | 4109 ||| READING scroll labeled VOUKOU STICIU.
  4110 | D:4      | 4110 ||| READING scroll of identify.
  4110 | D:4      | 4110 ||| IDENTIFYING cabochon ring
  4111 | D:4      | 4111 ||| UPGRADING to +1 ring of evasion.
  4167 | D:5      | Entered Level 5 of the Dungeon
  4172 | D:5      | 4172 ||| STAIRDANCE
  4231 | D:5      | 4231 ||| UPGRADING to runed war axe.
  4232 | D:5      | 4232 ||| DROPPING +0 war axe.
  4363 | D:5      | 4363 ||| INVOKING Berserk.
  4367 | D:5      | Reached XP level 7. HP: 41/41 MP: 7/7
  4452 | D:5      | Reached skill level 7 in Axes
  4564 | D:5      | Found a glowing golden altar of the Shining One.
  4687 | D:5      | 4687 ||| INVOKING Berserk.
  4720 | D:5      | 4720 ||| EATING fruit.
  4989 | D:5      | 4989 ||| INVOKING Berserk.
  4992 | D:5      | Reached skill level 3 in Armour
  5038 | D:5      | 5038 ||| EATING 2 slices of pizza.
  5154 | D:5      | 5154 ||| INVOKING Berserk.
  5206 | D:5      | 5206 ||| EATING slice of pizza.
  5285 | D:5      | 5285 ||| READING scroll labeled ZUARUISIEM.
  5314 | D:6      | 5314 ||| STAIRDANCE
  5365 | D:6      | 5365 ||| INVOKING Berserk.
  5367 | D:6      | Reached skill level 8 in Axes
  5367 | D:6      | Reached XP level 8. HP: 48/48 MP: 8/8
  5372 | D:6      | 5372 ||| EATING 6 bread rations.
  5532 | D:6      | 5532 ||| INVOKING Berserk.
  5646 | D:6      | 5646 ||| Stepping ~*~*~tactically~*~*~ (water).
  5656 | D:6      | 5656 ||| INVOKING Berserk.
  5702 | D:6      | 5702 ||| INVOKING Brothers in Arms.
  5703 | D:6      | 5703 ||| INVOKING Brothers in Arms.
  5751 | D:6      | 5751 ||| INVOKING Berserk.
  5761 | D:6      | 5761 ||| INVOKING Brothers in Arms.
  5762 | D:6      | 5762 ||| INVOKING Brothers in Arms.
  5763 | D:6      | 5763 ||| INVOKING Brothers in Arms.
  5765 | D:6      | Reached skill level 9 in Axes
  5765 | D:6      | HP: 8/48 [orc priest/divine providence (14)]
  5766 | D:6      | 5766 ||| DRINKING 2 potions of heal wounds.
  5767 | D:6      | 5767 ||| EATING 5 bread rations.
  5773 | D:6      | HP: 8/48 [orc priest/divine providence (12)]
  5774 | D:6      | 5774 ||| DRINKING potion of heal wounds.
  5775 | D:6      | 5775 ||| INVOKING Brothers in Arms.
  5776 | D:6      | 5776 ||| INVOKING Brothers in Arms.
  5780 | D:6      | HP: 8/48 [orc priest/divine providence (8)]
  5780 | D:6      | Killed from afar by an orc priest

Vault maps used:
D:1:      dpeg_arrival_boxorama, minmay_misc_feat_pillars
D:3:      old_standard_altar
D:4:      gammafunk_temple_overflow_claw, minmay_temple_entry_enclosed_plants,
          serial_shops, nicolae_shop_behind_doors, first_bread,
          corexii_corridor_pit
D:5:      lemuel_crystal_altar
D:6:      wad_lake_hut

Action                   |  1- 3 |  4- 6 |  7- 9 || total
-------------------------+-------+-------+-------++-------
Melee: Hand axe          |   108 |    70 |       ||   178
       War axe           |       |   157 |    69 ||   226
Throw: Tomahawk          |    19 |    87 |    34 ||   140
Invok: Berserk           |     3 |     4 |     7 ||    14
       Brothers in Arms  |       |       |     3 ||     3
  Use: Scroll            |     4 |     8 |     1 ||    13
       Potion            |       |       |     2 ||     2
  Eat: Chunk             |     4 |    11 |     3 ||    18
       Fruit             |     1 |     2 |     1 ||     4
       Pizza             |       |       |     2 ||     2
       Bread ration      |       |       |     2 ||     2
